AoeStats
← shminky

Baltic

510461749Analyzed
2v2 RM · 22h ago on Oct 1, 2026· 37m 58s· 4 players
Game mode
Random Map
Map size
Medium (4 player)
Population
200
Speed
Normal
Resources
Standard
Victory
Conquest
Starting age
Dark Age
Ending age
Imperial Age
RankedLock teamsTeams togetherTeam positionsShared explorationLock speedFull tech treeHidden civsTurbo modeCheats
Victory
Defeat
🇨🇳 Varangians · China
990
+12
🇨🇳 Armenians · China
989
+12
🇦🇺 Bulgarians · Australia
928
-13
🇺🇸 Khmer · United States
866
-11
shminky
7:45 Loom
10:03 Feudal Age
19:39 Castle Age
19:13 Bloodlines
21:13 Double-Bit Axe
21:10 Horse Collar
22:07 Fishing Lines
22:21 Town Watch
23:12 Wheelbarrow
24:13 Forging
24:11 Scale Barding Armor
25:53 Iron Casting
25:39 Chain Barding Armor
27:20 Bow Saw
28:36 Gold Mining
28:36 Stone Mining
30:45 Hand Cart
31:52 Scale Mail Armor
31:55 Stirrups
32:28 Light Cavalry
33:09 Husbandry
33:20 Gambesons
33:36 Squires
35:00 Heavy Plow
35:05 Pikeman
37:30 Chain Mail Armor
40:00 Imperial Age
Maximo Cossetti
11:16 Feudal Age
14:55 Castle Age
12:42 Loom
14:15 Double-Bit Axe
18:18 Scale Barding Armor
20:56 Wheelbarrow
21:19 Forging
21:41 Husbandry
22:48 Bloodlines
24:27 Horse Collar
26:19 Chain Barding Armor
32:14 Bow Saw
32:05 Heavy Plow
33:37 Hand Cart
33:17 Gold Mining
35:59 Gold Shaft Mining
35:14 Stone Mining
KaoruRed
0:39 Loom
2:11 Loom
13:30 Feudal Age
18:31 Castle Age
16:41 Double-Bit Axe
18:05 Gold Mining
18:53 Horse Collar
19:36 Pikeman
21:42 Wheelbarrow
21:55 Stone Mining
24:02 Bow Saw
23:39 Fishing Lines
27:37 Hand Cart
27:19 Gillnets
27:57 Squires
28:27 Heavy Plow
28:45 Town Watch
30:41 Forging
34:01 Imperial Age
32:07 Scale Barding Armor
32:05 Scale Mail Armor
31:36 Halberdier
33:58 Arson
35:07 Conscription
35:31 Iron Casting
35:12 Chain Mail Armor
34:48 Fletching
35:24 Masonry
35:56 Gold Shaft Mining
38:01 Fereters
Q董香酱E
6:38 Loom
11:51 Feudal Age
12:23 Fishing Lines
12:34 Double-Bit Axe
17:48 Castle Age
17:47 Stone Mining
22:33 Gillnets
26:02 Fletching
31:22 Imperial Age
28:52 Horse Collar
29:42 Bow Saw
30:28 Wheelbarrow
32:10 Hand Cart
33:19 Conscription
33:14 Bloodlines
33:05 Husbandry
33:17 Forging
34:25 Chemistry
33:49 Ballistics
34:49 Stone Shaft Mining
34:05 Gold Mining
34:52 Stone Shaft Mining
35:44 Iron Casting
35:15 Scale Barding Armor
37:37 Elite Jarl
39:19 Blast Furnace
38:41 Chain Barding Armor
Connection lost

Rejoining the realm…

Still unreachable

The connection could not be restored.

Session expired

The server has moved on; the page needs a fresh start.